 Dungeon Crawl Stone Soup version 0.30.0-5-g1a98f26d00 (webtiles) character file.

Game seed: 18040474273644958454

4 browni3141 the Trooper (level 1, 0/24 HPs)
             Began as an Ogre Delver on May 10, 2023.
             Constricted to death by Duvessa (4 damage)
             ... on level 5 of the Dungeon.
             The game lasted 00:00:44 (84 turns).

browni3141 the Trooper (Ogre Delver)                  Turns: 84, Time: 00:00:44

Health: 0/24       AC:  3    Str: 15    XL:     1   Next: 60%
Magic:  1/1        EV:  6    Int: 11    God:
Gold:   6          SH:  0    Dex: 10    Spells: 0/0 levels left

rFire   . . .        a - +0 mace
rCold   . . .        (no shield)
rNeg    . . .        b - +0 robe
rPois   .            (helmet restricted)
rElec   .            (no cloak)
rCorr   .            (gloves unavailable)
SInv    .            (boots unavailable)
Will    .....        (no amulet)
Stlth   ++           (no ring)
HPRegen 0.24/turn    (no ring)
MPRegen 0.07/turn

%: no passive effects
@: grasped by roots, hasted, constricted, very quick
A: large, unfitting armour, tough skin 1
a: no special abilities


You were on level 5 of the Dungeon.
You visited 1 branch of the dungeon, and saw 1 of its levels.

You collected 6 gold pieces.

Inventory:

Hand Weapons
 a - a +0 mace (weapon)
Armour
 b - a +0 robe (worn)
Wands
 g - a wand of digging (3)
Scrolls
 d - a scroll of magic mapping
 F - a scroll of fog


   Skills:
 + Level 4.1 Fighting
 * Level 2.0 Maces & Flails
 - Level 1.7 Dodging
 - Level 3.7 Stealth


You couldn't memorise any spells.
You didn't know any spells.
Your spell library was empty.

Dungeon Overview and Level Annotations

Branches:
Dungeon (5/15)
 Temple: D:4-7

Altars:

Annotations:
D:5 Dowan, Duvessa


Innate Abilities, Weirdness & Mutations

You are too large for most types of armour.
You have tough skin. (AC +1)


Message History

Welcome, browni3141 the Ogre Delver.
Below lies the Orb of Zot, rumoured to be powerful enough to resurrect a god...
Press ? for a list of commands and other information.
Found a stone staircase leading down.
Setting a skill training target for Polearms at 14.0.
Setting a skill training target for Armour at 7.0.
Setting a skill training target for Shields at 5.0.
Setting a skill training target for Stealth at 2.0.
Setting a skill training target for Spellcasting at 3.0.
Setting a skill training target for Conjurations at 7.0.
Setting a skill training target for Summonings at 16.0.
Setting a skill training target for Necromancy at 10.0.
Setting a skill training target for Fire Magic at 6.0.
Setting a skill training target for Earth Magic at 10.0.
Setting a skill training target for Invocations at 14.0.
Setting a skill training target for Evocations at 10.0.
Setting a skill training target for Throwing at 2.0.
You now have 6 gold pieces. 2 jackals come into view.
Dowan and a jackal come into view.
The jackal barks! x2; You hear a bark!
Dowan shouts!
A jackal comes into view.
The jackal bites you but does no damage.
The jackal bites you.
Duvessa, Sister of Dowan comes into view.
She is wielding a +0 rapier and carrying a wand of roots (12).
Duvessa shouts!
You hear a shout!
You barely miss the jackal. The jackal bites you. The jackal barely misses you.
You closely miss the jackal. The jackal bites you.
You closely miss the jackal. The jackal barely misses you. x2
Dowan points at the jackal and mumbles some strange words.
You closely miss the jackal.
The jackal bites you but does no damage.
The jackal bites you.
You closely miss the jackal. The jackal barely misses you. x2
You hit the jackal.
The jackal is heavily wounded.
The jackal bites you but does no damage.
Dowan casts a spell.
Dowan blinks!
The jackal bites you.
You hit the jackal.
The jackal is almost dead.
The jackal bites you.
The jackal bites you but does no damage.
You sock the jackal!
You kill the jackal!
Duvessa zaps a wand.
The roots erupt in riotous growth!
The jackal is unaffected.
The grasping roots grab you!
The jackal is unaffected.
The grasping roots constrict you.
The jackal bites you but does no damage.
The roots lose their grip on you.
You hear a shout!
Training target 2.0 for Stealth reached!
You hit the jackal.
You kill the jackal!
The jackal misses you.
Your Maces & Flails skill increases to level 2!
You sock the jackal!
You kill the jackal!
The jackal bites you. The jackal attacks as you move away!
The jackal barely misses you.
You closely miss the jackal. The jackal barely misses you.
Duvessa zaps a wand.
The roots erupt in riotous growth!
The jackal is unaffected.
The grasping roots grab you!
Duvessa is unaffected.
The grasping roots constrict you. The jackal barely misses you.
The grasping roots constrict you.
* * * LOW HITPOINT WARNING * * *
You escape the roots grasp.
The jackal attacks as you move away! The jackal closely misses you.
The jackal bites you.
* * * LOW HITPOINT WARNING * * *
As you read the scroll of fear, it crumbles to dust.
You assume a fearsome visage.
Duvessa resists with some effort.
Dowan looks frightened!
The jackal looks frightened!
Dowan casts a spell.
Dowan blinks!
Cornered, the jackal turns to fight!
Dowan gestures wildly while chanting.
Dowan blinks!
Dowan gestures wildly while chanting.
Dowan blinks!
You feel yourself speed up. The jackal bites you.
* * * LOW HITPOINT WARNING * * *
Dowan gestures wildly while chanting.
Dowan blinks!
Duvessa says, "When magic and the sword combine, nothing stands against them."
The jackal stops to sniff the ground.
There is a stone staircase leading down here.
Duvessa zaps a wand.
The roots erupt in riotous growth!
The grasping roots grab you! The grasping roots constrict you.
* * * LOW HITPOINT WARNING * * *
The grasping roots constrict you.
You die...

## ... .... #########
.....##.......#
#.........##.#
#...##.##.##.#
########.##....#
#....@.h.#####.###
#........##......#####
.........e.......#.#....
##............##.#..e...
#........####...###....
#........# #...# #####
..........# #...#
########### ##.## #.#


You could see Duvessa (fast) and a jackal.

Vanquished Creatures
  3 jackals (D:5)
3 creatures vanquished.

Notes
Turn   | Place    | Note
-------+----------+-------------------------------------------
     0 | D:5      | browni3141 the Ogre Delver began the quest for the Orb.
     0 | D:5      | Reached XP level 1. HP: 24/24 MP: 1/1
    40 | D:5      | Noticed Dowan
    40 | D:5      | Noticed Duvessa
    84 | D:5      | Constricted to death by Duvessa

Illustrated notes

Levels and vault maps discovered:
D:5:      layout_loops_cross, temple_statues, uniq_duvessa, uniq_sigmund

Skill      XL: |  1 |
---------------+----+-----
Maces & Flails | 2 |  2.0
Fighting       | |  4.1
Dodging        | |  1.7
Stealth        | |  3.7

Action                     || total
---------------------------++-------
  Melee: Mace              ||    11
    Use: Scroll            ||     1
         Potion            ||     1
 Armour: Robe              ||     5
  Dodge: Dodged            ||    10
